 Dungeon Crawl Stone Soup version 0.29-a0-234-g0dae59b3db (webtiles) character file.

Game seed: 14920390272666146908

147 spaghetti the Covert (level 5, 0/36 HPs)
             Began as an Octopode Delver on Mar 3, 2022.
             Slain by an orc
             ... wielding a +0 hand axe
              (4 damage)
             ... on level 4 of the Dungeon.
             The game lasted 00:01:24 (155 turns).

spaghetti the Covert (Octopode Delver)               Turns: 155, Time: 00:01:25

Health: 0/36       AC:  1    Str: 11    XL:     5   Next: 29%
Magic:  5/5        EV: 13    Int: 13    God:
Gold:   17         SH:  0    Dex: 15    Spells: 4/4 levels left

rFire   . . .      SeeInvis .   a - +0 falchion {long}
rCold   . . .      Faith    .   (no shield)
rNeg    . . .      Spirit   .   (helmet restricted)
rPois   .          Reflect  .   (no amulet)
rElec   .          Harm     .   (no ring)
rCorr   .          Rampage  .   (no ring)
Will    .....                   (no ring)
Stlth   +++++.....              (no ring)
HPRegen 0.12/turn               (no ring)
MPRegen 0.09/turn               (no ring)
                                (no ring)
                                (no ring)

@: hasted, very quick
A: almost no armour, amphibious, 8 rings, camouflage 1, gelatinous body 1,
(nimble swimmer 1), tentacles
a: no special abilities


You were on level 4 of the Dungeon.
You visited 1 branch of the dungeon, and saw 3 of its levels.

You collected 17 gold pieces.


Innate Abilities, Weirdness & Mutations

You cannot wear most types of armour.
You are amphibious.
You can wear up to eight rings at the same time.
Your skin changes colour to match your surroundings (Stealth+).
Your rubbery body absorbs attacks. (AC +1, EV +1)
((You are camouflaged when in or above water. (Stealth+)))
You have tentacles for arms and can constrict up to eight enemies at once.


   Skills:
 - Level 3.0 Fighting
 - Level 2.0 Long Blades
 - Level 2.0 Dodging
 + Level 9.8 Stealth


You had 4 spell levels left.
You didn't know any spells.
Your spell library was empty.

Inventory:

Hand Weapons
 a - a +0 falchion (weapon) {long}
Wands
 f - a wand of digging (3)
Scrolls
 b - a scroll of fog
 d - a scroll of fear

Dungeon Overview and Level Annotations

Branches:
Dungeon (6/15)
 Temple: D:4-7

Altars:

...... #...
..#...... #....
...#.....##.....
.#.......#.....#
................#
................
#............#
#.........o.#
#.........)@#
..........o.#
##.........#
##...>)...#
##....##..#
##..####.... #.##
#... #. ... #. ..


You could see 2 orcs.


Message History

MASSIVE DAMAGE!! (PAUSE)
You hit the bullfrog but do no damage. You constrict the bullfrog.
The bullfrog hits you!
* * * LOW HITPOINT WARNING * * *
The bullfrog misses you. 😱 HP[-8]
You take 8 damage, and now have 6/26 hp.
MASSIVE DAMAGE!! (PAUSE)
You hit the bullfrog but do no damage. Your squeeze misses the bullfrog.
You constrict the bullfrog. The bullfrog hits you.
* * * LOW HITPOINT WARNING * * *
😱 HP[-5]
You take 5 damage, and now have 1/26 hp.
You hit the bullfrog.
You kill the bullfrog!
Your Stealth skill gained 2 levels and is now at level 9!
You have reached level 4! 😱 HP[+1] MP[+1]
You now have 31 max hp (+5).
Your mp is fully restored (4).
Okay, then.
Okay, then.
A howler monkey comes into view.
A hound comes into view. 😱 HP[+1] 😱 HP[+1] 😱 HP[+1]
A killer bee comes into view. 😱 HP[+1]
You see here a +0 club {mace}. 😱 HP[+1] 😨 HP[+1]
You feel yourself speed up. The ogre barely misses you.
There is a stone staircase leading up here.
The hound barks!
You climb upwards.
There is a stone staircase leading down here.
Unknown command.
Unknown command.
The helpless orc priest fails to defend itself.
You slash the orc priest! You grab the orc priest.
You constrict the orc priest. You hit the orc priest.
You constrict the orc priest.
You kill the orc priest!
The orc wizard casts a spell at you.
You are confused.
You have reached level 5!
You feel clever. 😨 HP[+2] MP[+1]
You now have 36 max hp (+5).
You regained 2 hp, and now have 10/36 hp.
Your mp is fully restored (5).
Unknown command.
Unknown command.
You aren't carrying any potions.
You are too confused!
The orc wizard misses you. The orc hits you with a +0 club.
* * * LOW HITPOINT WARNING * * *
😱 HP[-1]
You take 1 damage, and now have 9/36 hp.
Unknown command.
You aren't carrying any potions.
Unknown command.
You're too confused to move!
The orc shouts!
Unknown command.
You hit the orc wizard but do no damage.
Your squeeze misses the orc wizard. The orc wizard misses you.
The orc hits you with a +0 club.
* * * LOW HITPOINT WARNING * * *
😱 HP[-4]
You take 4 damage, and now have 5/36 hp.
Unknown command.
Unknown command.
You are too confused!
You aren't carrying any potions.
You bump into the rock wall. 😱 HP[+1]
You barely miss the orc wizard.
You feel less confused. The orc closely misses you. The orc wizard misses you.
You miss the orc wizard. Your grab misses the orc wizard.
You squeeze the orc wizard. You slash the orc wizard!
Your grab misses the orc wizard. You squeeze the orc wizard.
You kill the orc wizard!
The orc closely misses you. x2
You completely miss the orc. You grab the orc.
You squeeze the orc, but do no damage. You constrict the orc.
The orc hits you with a +0 hand axe.
* * * LOW HITPOINT WARNING * * *
The orc completely misses you. 😱 HP[-2]
You take 2 damage, and now have 4/36 hp.
You hit the orc.
You constrict the orc, but do no damage.
You hit the orc but do no damage.
You constrict the orc, but do no damage.
The orc hits you with a +0 hand axe.
You die...

Skill      XL: |  1  2  3 |
---------------+----------+-----
Stealth        | 7 9 |  9.8
Fighting       | |  3.0
Long Blades    | |  2.0
Dodging        | |  2.0

Action                   |  1- 3 |  4- 6 || total
-------------------------+-------+-------++-------
Melee: Falchion          |     6 |     9 ||    15
       Constrict         |     2 |     2 ||     4
       Tentacles         |     2 |     3 ||     5
       Punch             |     1 |       ||     1
  Use: Scroll            |     2 |       ||     2
       Potion            |       |     1 ||     1
 Stab: Sleeping          |     1 |     1 ||     2
Dodge: Dodged            |     4 |     8 ||    12

Levels and vault maps discovered:
D:4:      layout_layer_cave, nicolae_wu_jian_glorious_leap,
          minmay_temple_entry_stoned_glass, uniq_menkaure
D:5:      layout_basic, uniq_blork_the_orc, uniq_edmund, uniq_sigmund
D:6:      layout_cave_pods, led_xom_imps, nicolae_ossuary_entry_ruins

Notes
Turn   | Place    | Note
-------+----------+-------------------------------------------
     0 | D:5      | spaghetti the Octopode Delver began the quest for the Orb.
     0 | D:5      | Reached XP level 1. HP: 16/16 MP: 1/1
     0 | D:5      | magus.rc [v1.9.6]
     2 | D:6      | Noticed a hound
     6 | D:6      | Killed a hound
     7 | D:6      | Reached skill level 7 in Stealth
     7 | D:6      | Reached XP level 2. HP: 21/21 MP: 2/2
     7 | D:6      | Reached XP level 3. HP: 26/26 MP: 3/3
    49 | D:5      | Noticed a bullfrog
    52 | D:5      | Noticed an ogre
    71 | D:5      | HP: 6/26 [bullfrog (8)]
    72 | D:5      | HP: 1/26 [bullfrog (5)]
    73 | D:5      | Killed a bullfrog
    74 | D:5      | Reached skill level 9 in Stealth
    74 | D:5      | Reached XP level 4. HP: 2/31 MP: 4/4
   142 | D:4      | Reached XP level 5. HP: 10/36 MP: 5/5
   143 | D:4      | HP: 9/36 [orc/+0 club (1)]
   153 | D:4      | HP: 4/36 [orc/+0 hand axe (2)]
   155 | D:4      | Slain by an orc

Vanquished Creatures
  A bullfrog (D:5)
  A hound (D:6)
  An orc priest (D:4)
  An orc wizard (D:4)
4 creatures vanquished.

Table legend:
 A = Non-vault XP
 B = Vault XP
 C = Vault XP percentage of total XP
 D = Non-vault monster count
 E = Vault monster count
 F = Vault count percentage of total count
                 A         B        C        D         E       F
            +---------+---------+-------+---------+---------+-------
      Total |     211 |       0 |   0.0 |       4 |       0 |   0.0
            +---------+---------+-------+---------+---------+-------
        D:4 |      72 |       0 |   0.0 |       2 |       0 |   0.0
        D:5 |      96 |       0 |   0.0 |       1 |       0 |   0.0
        D:6 |      43 |       0 |   0.0 |       1 |       0 |   0.0
            +---------+---------+-------+---------+---------+-------

Illustrated notes

Table legend:
 A = Kills in this place as a percentage of kills in entire the game.
 B = Kills by you in this place as a percentage of kills by you in the entire game.
 C = Kills by friends in this place as a percentage of kills by friends in the entire game.
 D = Other kills in this place as a percentage of other kills in the entire game.
 E = Experience gained in this place as a percentage of experience gained in the entire game.
 F = Experience gained in this place divided by the number of levels of this place that you have seen.
                   A       B       C       D       E      F
               +-------+-------+-------+-------+-------+----------------------
         Total | 100.0 | 100.0 |   N/A |   N/A | 100.0 |  70.3
       Dungeon | 100.0 | 100.0 |   N/A |   N/A | 100.0 |  70.3
               +-------+-------+-------+-------+-------+----------------------

Table legend: (Time is in decaauts)
 A = Elapsed time spent in this place.
 B = Non-inter-level travel time spent in this place.
 C = Inter-level travel time spent in this place.
 D = Time resting spent in this place.
 E = Time spent auto-exploring this place.
 F = Levels seen in this place.
 G = Mean time per level.
                   A        B        C        D        E       F      G
               +--------+--------+--------+--------+--------+-----+--------+
         Total |    149 |    149 |      0 |      0 |     32 |   3 |   49.7 |
       Dungeon |    149 |    149 |      0 |      0 |     32 |   3 |   49.7 |
               +--------+--------+--------+--------+--------+-----+--------+

Top non-repeatable levels by time:
     D:5: 126 daAuts
     D:6: 12 daAuts
     D:4: 11 daAuts
